 Dungeon Crawl Stone Soup version 0.32-a0-42-ga30500b4d3 (webtiles) character file.

Game seed: 6001919670194169326

18 Nahoo the Ruffian (level 2, 0/23 HPs)
             Began as a Draconian Shapeshifter on Jan 31, 2024.
             Slain by a gnoll
             ... wielding a +0 spear of flaming
              (2 damage)
             ... on level 4 of the Dungeon.
             The game lasted 00:02:26 (324 turns).

Nahoo the Ruffian (Draconian Shapeshifter)           Turns: 324, Time: 00:02:27

Health: 0/23       AC:  4    Str: 16    XL:     2   Next: 51%
Magic:  2/2        EV: 12    Int: 10    God:
Gold:   44         SH:  0    Dex: 10    Spells: 1/1 levels left

rFire   . .          .
                       - Unarmed
rCold   . . .        (no shield)
rNeg    . . .        (body armour unavailable)
rPois   .            (helmet currently unavailable)
rElec   .            (cloak currently unavailable)
rCorr   .            (gloves currently unavailable)
SInv    .            (boots currently unavailable)
Will    .....        (no amulet)
Stlth   +            (no ring)
HPRegen 0.23/turn    (no ring)
MPRegen 0.08/turn

%: no passive effects
@: beast-form
A: beast (slay +1), AC +4, unfitting armour, cold-blooded
a: Begin Untransformation


You were on level 4 of the Dungeon.
You were a hulking beast.
You visited 1 branch of the dungeon, and saw 4 of its levels.

You collected 44 gold pieces.

Inventory:

Hand Weapons
 e - a +0 club
 i - a +0 hand axe of electrocution
Armour
 g - the +1 leather armour of Lies {Will+}
   (You found it on level 3 of the Dungeon)

   Will+:     It increases your willpower.
Jewellery
 d - a ring of willpower
Talismans
 b - a beast talisman
 c - a flux talisman
Scrolls
 h - a scroll of poison {unknown}
Potions
 a - a potion of lignification
 f - a potion of curing {unknown}


   Skills:
 + Level 1.1 Fighting
 + Level 1.8 Dodging
 + Level 3.4 Unarmed Combat
 + Level 3.3 Shapeshifting


You had one spell level left.
You didn't know any spells.
Your spell library was empty.

Dungeon Overview and Level Annotations

Branches:
Dungeon (4/15)
 Temple: D:4-7

Altars:


Innate Abilities, Weirdness & Mutations

You are a hulking beast.
Your limbs bulge with bestial killing power. (Slay +1)
Your plain brown scales are hard. (AC +4)
You cannot fit into any form of body armour.
You are cold-blooded and may be slowed by cold attacks.


Message History

Found a falchion.
Found a storm talisman.
A kobold comes into view. It is wielding a +0 whip.
Found 11 gold pieces and a scroll labelled KIS CIATUEZU.
Found a sling.
The kobold shouts!
You hear a shout!
The kobold hits you but does no damage.
You hit the kobold.
You kill the kobold!
Things that are here:
a +0 whip; 3 stones; a kobold corpse You see here a +0 sling.
A gnoll comes into view. It is wielding a +0 spear of flaming.
The gnoll shouts!
Things that are here:
a +0 whip; 3 stones; a kobold corpse You see here a +0 sling.
A gnoll comes into view. It is wielding a +0 whip.
An ogre comes into view. It is wielding a +0 giant club.
A gnoll comes into view. It is wielding a +0 club.
A hobgoblin comes into view.
You see here 11 gold pieces.
The gnoll shouts!
The hobgoblin shouts!
The gnoll barely misses you.
A ball python comes into view.
You see here a scroll labelled KIS CIATUEZU.
You completely miss the ogre.
The ogre hits you with a +0 giant club!!
Ouch! That really hurt!
* * * LOW HITPOINT WARNING * * *
A gnoll comes into view. It is wielding a +0 spear.
The gnoll hits you from afar with a +0 spear of flaming.
* * * LOW HITPOINT WARNING * * *
The gnoll burns you.
* * * LOW HITPOINT WARNING * * *
Found a stone staircase leading down.
The gnoll shouts!
The gnoll closely misses you.
The gnoll hits you with a +0 spear of flaming.
You die...

.>.........#
............#
........g...#
.........S..#
......gg.)..#
............# #####
......%g.g..### #...#
......O.h.....######.#.#
.......?$..)#.##.....#.#
...........)#.##.#####.#
............#.##.#####.#
............#.##.#.....#
##.##########....#.#####
# ######.# #.# #.#


You could see an ogre, 4 gnolls, a hobgoblin and a ball python.

Vanquished Creatures
  An adder (D:3)
  3 endoplasms
  A giant cockroach (D:3)
  A hobgoblin (D:3)
  2 kobolds
8 creatures vanquished.

Notes
Turn   | Place    | Note
-------+----------+-------------------------------------------
     0 | D:1      | Nahoo the Draconian Shapeshifter began the quest for the
                  | Orb.
     0 | D:1      | Reached XP level 1. HP: 16/16 MP: 1/1
   169 | D:3      | Identified the +1 leather armour of Lies {Will+}
   184 | D:3      | Reached XP level 2. HP: 23/23 MP: 2/2
   319 | D:4      | Noticed an ogre
   324 | D:4      | Slain by a gnoll

Illustrated notes

Levels and vault maps discovered:
D:1:      shiori_arrival_maze, layout_loops_ring, serial_bayou,
          serial_bayou_lake_a, serial_bayou_shore_a, serial_bayou_pond_b,
          serial_bayou_ford_a
D:2:      layout_basic
D:3:      layout_basic, nicolae_overflow_hidden_temple,
          nicolae_overflow_hallway_of_the_gods, hex_large,
          chequers_serial_rivers_small_b
D:4:      layout_basic, nicolae_hepliaklqana_hazy_memory, uniq_blork_the_orc,
          uniq_edmund

Action                     || total
---------------------------++-------
  Melee: Unarmed           ||    23
         Tailslap          ||     3
 Armour: Skin              ||    10
  Dodge: Dodged            ||    12

Table legend: (Time is in decaauts)
 A = Elapsed time spent in this place.
 B = Non-inter-level travel time spent in this place.
 C = Inter-level travel time spent in this place.
 D = Time resting spent in this place.
 E = Time spent auto-exploring this place.
 F = Levels seen in this place.
 G = Mean time per level.
                   A        B        C        D        E       F      G
               +--------+--------+--------+--------+--------+-----+--------+
         Total |    327 |     84 |    243 |      0 |      0 |   4 |   81.8 |
       Dungeon |    327 |     84 |    243 |      0 |      0 |   4 |   81.8 |
               +--------+--------+--------+--------+--------+-----+--------+

Top non-repeatable levels by time:
     D:3: 128 daAuts
     D:2: 103 daAuts
     D:4: 88 daAuts
     D:1: 7 daAuts
